 Dungeon Crawl Stone Soup version 0.27-a0-328-g7f782ed93a (webtiles) character file.

Game seed: 11753474444855952284

1 CurlyBrace the Caller (level 1, -1/7 HPs)
             Began as a Felid Summoner on Feb 11, 2021.
             Slain by a giant cockroach (2 damage)
             ... on level 2 of the Dungeon.
             The game lasted 00:01:09 (170 turns).

CurlyBrace the Caller (Felid Summoner)               Turns: 170, Time: 00:01:09

Health: -1/7       AC:  1    Str:  4    XL:     1   Next: 16%
Magic:  4/4        EV: 18    Int: 16    God:
Gold:   38         SH:  0    Dex: 16    Spells: 3/4 levels left
                                        Lives:  0   Deaths: 0

rFire    . . .     SeeInvis +   (weapon unavailable)
rCold    . . .     Faith    .   (shield unavailable)
rNeg     . . .     Spirit   .   (armour unavailable)
rPois    .         Reflect  .   (helmet unavailable)
rElec    .         Harm     .   (cloak unavailable)
rCorr    .         Rampage  .   (gloves unavailable)
Will     .....                  (boots unavailable)
Stlth    +++.......             (no amulet)
HPRegen  0.02/turn              (no ring)
MPRegen  0.09/turn              (no ring)

@: quick
A: very small, no armour, no weapons or thrown items, stealth, claws 1, fangs 3,
see invisible, speed 1, shaggy fur 1, sharp paws
a: no special abilities


You were on level 2 of the Dungeon.
You visited 1 branch of the dungeon, and saw 2 of its levels.

You collected 38 gold pieces.

Inventory:

Scrolls
 b - a scroll of enchant armour {unknown}
Potions
 a - a potion of flight


   Skills:
 * Level 0.2 Fighting
 + Level 2.7 Dodging
 + Level 2.7 Stealth
 * Level 0.1 Unarmed Combat
 - Level 2.0 Spellcasting
 - Level 4.0 Summonings


You had 3 spell levels left.
You knew the following spells:

 Your Spells              Type           Power        Failure   Level
a - Summon Small Mammal   Summ           56%          4%          1

Your spell library contained the following spells:

 Spells                   Type           Power        Failure   Level
 Call Imp                 Summ           14%          6%          2
 Call Canine Familiar     Summ           14%          12%         3
 Summon Guardian Golem    Hex/Summ       8%           26%         3
 Summon Ice Beast         Ice/Summ       8%           65%         4
 Summon Lightning Spire   Summ/Air       8%           65%         4


Dungeon Overview and Level Annotations

Branches:
Dungeon (2/15)

Altars:
Dithmenos
Hepliaklqana


Innate Abilities, Weirdness & Mutations

You cannot wear armour.
You are incapable of wielding weapons or throwing items.
Your paws allow you to move quietly. (Stealth)
You have sharp claws.
You have razor-sharp teeth.
You have supernaturally acute eyesight. (SInv)
You cover ground quickly.
You are covered in fur. (AC +1)
Your sharp claws are effective at attacking unaware monsters.


Message History

Your bat hits the kobold but does no damage.
Unknown command.
Unknown command.
Your bat barely misses the kobold.
Unknown command.
You catch the helpless kobold completely off-guard!
You scratch the kobold.
You kill the kobold!
Unknown command.
You see here a bubbling clear potion.
It was a potion of flight.
You feel very buoyant.
You fly up into the air.
You swap places.
Found a potion of flight.
Found a cloak.
You see here a potion of flight.
a - a potion of flight You are starting to lose your buoyancy.
Your bat disappears in a puff of smoke!
Found a scroll labelled RULUAV OXAIG.
Found 19 sling bullets.
You see here a scroll labelled RULUAV OXAIG.
b - a scroll labelled RULUAV OXAIG You float gracefully downwards.
You see here 19 sling bullets.
A giant cockroach comes into view.
The giant cockroach closely misses you.
You barely miss the giant cockroach.
The giant cockroach completely misses you.
You closely miss the giant cockroach. The giant cockroach bites you.
* * * LOW HITPOINT WARNING * * *
You closely miss the giant cockroach. The giant cockroach misses you.
You closely miss the giant cockroach. The giant cockroach misses you.
You closely miss the giant cockroach. The giant cockroach misses you.
You barely miss the giant cockroach. Your bite misses the giant cockroach.
The giant cockroach bites you.
* * * LOW HITPOINT WARNING * * *
The giant cockroach bites you.
You die...

#<# #.#.##.###### #.#
#...........# #.#
#.###..####.# #.#####.#
#..# #.# #.......# #..#
#.# ###########..#
#.##### #...# #.....###
######..#####........
#........@B.......#
#.####.######.....# #.#
###...###....###... #.#
##§#....###.).......
#.# #§§#....#§##.####.#
#.# #§§#_.._#§§#.## #.#
#R#....#§§#..###.#
#.#### #....#W##......#
#.##..###..#####..#####


You could see a giant cockroach.

Vanquished Creatures
  2 kobolds (D:2)
2 creatures vanquished.

Notes
Turn   | Place    | Note
-------+----------+-------------------------------------------
     0 | D:1      | CurlyBrace the Felid Summoner began the quest for the Orb.
     0 | D:1      | Reached XP level 1. HP: 7/7 MP: 4/4
    80 | D:2      | Found a hazy altar of Hepliaklqana.
    83 | D:2      | Found a shadowy altar of Dithmenos.
    83 | D:2      | Noticed a shadow
   170 | D:2      | Slain by a giant cockroach

Illustrated notes

Levels and vault maps discovered:
D:1:      minmay_arrival_open_corners, layout_basic, minmay_pentomino_v4
D:2:      layout_loops_ring, riverfiend_overflow_shadow_ancestor,
          chequers_ecumenical_altar_simple, st_stairs_12

Action                   || total
-------------------------++-------
Melee: Unarmed           ||    20
       Bite              ||     1
 Cast: Summon Small Mamm ||     2
  Use: Potion            ||     1
 Stab: Distracted        ||     1
Dodge: Dodged            ||    13

Table legend: (Time is in decaauts)
 A = Elapsed time spent in this place.
 B = Non-inter-level travel time spent in this place.
 C = Inter-level travel time spent in this place.
 D = Time resting spent in this place.
 E = Time spent auto-exploring this place.
 F = Levels seen in this place.
 G = Mean time per level.
                   A        B        C        D        E       F      G
               +--------+--------+--------+--------+--------+-----+--------+
         Total |    142 |    142 |      0 |      0 |      0 |   2 |   71.0 |
       Dungeon |    142 |    142 |      0 |      0 |      0 |   2 |   71.0 |
               +--------+--------+--------+--------+--------+-----+--------+

Top non-repeatable levels by time:
     D:2: 126 daAuts
     D:1: 16 daAuts
